 Dungeon Crawl Stone Soup version 0.23.0 (webtiles) character file.

Game seed: 4077234507318108494

97511 inmateoo the Protected (level 16, -3/124 HPs)
             Began as a Gnoll Transmuter on Feb 10, 2019.
             Was the Champion of Cheibriados.
             Slain by a +0 flail of crushing (8 damage)
             ... on level 2 of the Elven Halls.
             The game lasted 00:49:40 (20776 turns).

inmateoo the Protected (Gnoll Transmuter)          Turns: 20776, Time: 00:49:41

Health: -3/124     AC:  9    Str: 37    XL:     16   Next: 19%
Magic:  13/31      EV: 27    Int: 45    God:    Cheibriados [******]
Gold:   2910       SH:  0    Dex: 35    Spells: 9/38 levels left

rFire    + . .     SeeInvis .     - Unarmed
rCold    + + +     Gourm    .   (shield currently unavailable)
rNeg     . . .     Faith    .   T - +0 robe {rC+ rF+}
rPois    .         Spirit   .   D - +2 hat "Onaok" {rC++ Int+4}
rElec    +         Reflect  .   A - +2 cloak
rCorr    .         Harm     .   (gloves currently unavailable)
MR       ++...                  m - -1 pair of boots "Qyaco" {Str+10 Int+3 Dex+4 Stlth-}
Stlth    +++++.....             F - amulet of Lics {+Fly rElec rC++ Regen+}
HPRegen  0.70/turn              c - ring of wizardry
MPRegen  0.22/turn              p - ring of protection from magic

@: blade hands, studying 2 skills, very slow
A: distributed training, fangs 1, strong nose
a: End Transformation, Bend Time, Temporal Distortion, Slouch, Step From Time,
Renounce Religion, Evoke Flight


You were on level 2 of the Elven Halls.
You worshipped Cheibriados.
Cheibriados was exalted by your worship.
You were full.
You had blades for hands.
You visited 5 branches of the dungeon, and saw 24 of its levels.
You also visited: Bailey and Ice Cave.

You collected 3297 gold pieces.
You spent 387 gold pieces at shops.

Inventory:

Hand Weapons
 q - a +4 blowgun
 M - a +0 trident
Missiles
 a - 255 arrows
 l - 29 tomahawks of returning (quivered)
 w - 122 poisoned needles
Armour
 m - the -1 pair of boots "Qyaco" (worn) {Str+10 Int+3 Dex+4 Stlth-}
   (You found it in a bailey)

   It affects your strength (+10).
   It affects your intelligence (+3).
   It affects your dexterity (+4).
   It makes you less stealthy.
 t - a +2 pair of gloves (melded)
 A - a +2 cloak (worn)
 D - the +2 hat "Onaok" (worn) {rC++ Int+4}
   (You acquired it on level 7 of the Dungeon)

   It affects your intelligence (+4).
   It greatly protects you from cold.
 T - a +0 robe of resistance (worn)
Magical Staves
 K - an uncursed staff of energy
Jewellery
 c - a ring of wizardry (left scythe-like blade)
 i - an uncursed ring of magical power
 p - a ring of protection from magic (right scythe-like blade)
 F - the amulet of Lics (around neck) {+Fly rElec rC++ Regen+}
   (You found it in a bailey)

   [amulet of regeneration]

   It greatly protects you from cold.
   It insulates you from electricity.
   It lets you fly.
   It increases your rate of regeneration.
Wands
 b - a wand of acid (15)
 u - a wand of digging (4)
 C - a wand of clouds (3)
 J - a wand of disintegration (10)
 O - a wand of paralysis (14)
 V - a wand of polymorph (7)
 Z - a wand of iceblast (12)
Scrolls
 h - 5 scrolls of amnesia
 k - 18 scrolls of teleportation
 v - 3 scrolls of enchant armour
 x - 2 scrolls of remove curse
 y - 5 scrolls of immolation
 G - 2 scrolls of identify
 I - 2 scrolls of fear
 L - 4 scrolls of magic mapping
 Q - a scroll of summoning
 S - a scroll of silence
 U - 5 scrolls of blinking
Potions
 e - 2 potions of magic
 f - 5 potions of might
 g - 11 potions of curing
 j - 3 potions of agility
 n - 7 potions of flight
 o - 3 potions of ambrosia
 r - 8 potions of mutation
 s - a potion of invisibility
 z - 2 potions of cancellation
 E - 4 potions of lignification
 H - a potion of brilliance
 N - a potion of heal wounds
 R - 4 potions of resistance
Books
 B - a manual of
Armour
 P - a manual of Short Blades
Miscellaneous
 X - a box of beasts
Comestibles
 d - 38 rations


   Skills:
 + Level 10.8 Fighting
 + Level 13.3 Short Blades
 + Level 10.4 Long Blades
 + Level 10.4 Axes
 + Level 10.4 Maces & Flails
 + Level 10.4 Polearms
 + Level 10.4 Staves
 + Level 10.4 Slings
 + Level 10.4 Bows
 + Level 10.4 Crossbows
 + Level 10.4 Throwing
 + Level 13.8 Armour
 + Level 11.3 Dodging
 + Level 10.4 Stealth
 + Level 10.4 Shields
 + Level 12.1 Unarmed Combat
 + Level 11.5 Spellcasting
 + Level 8.8 Conjurations
 + Level 8.8 Hexes
 + Level 8.8 Charms
 + Level 8.8 Summonings
 + Level 8.8 Necromancy
 + Level 8.8 Translocations
 + Level 9.6 Transmutations
 + Level 8.8 Fire Magic
 + Level 8.8 Ice Magic
 + Level 8.8 Air Magic
 + Level 8.8 Earth Magic
 + Level 8.8 Poison Magic
 + Level 11.3 Invocations
 + Level 10.4 Evocations


You had 9 spell levels left.
You knew the following spells:

 Your Spells              Type           Power        Failure   Level  Hunger
a - Regeneration          Chrm/Necr      #######...   2%          3    None
b - Sticks to Snakes      Tmut           #######.     1%          2    None
c - Spider Form           Tmut/Pois      #######...   2%          3    None
d - Ice Form              Ice/Tmut       #######.     3%          4    None
e - Blade Hands           Tmut           #######...   4%          5    None
f - Blink                 Tloc           N/A          2%          2    None
g - Summon Lightning Spi  Summ/Air       #######.     4%          4    None
h - Apportation           Tloc           ######       1%          1    None
i - Fireball              Conj/Fire      #######...   6%          5    None

Your spell library contained the following spells:

 Spells                   Type           Power        Failure   Level  Hunger
 Animate Skeleton         Necr           N/A          1%          1    None
 Beastly Appendage        Tmut           ######       1%          1    None
 Confusing Touch          Hex            ######       1%          1    None
 Magic Dart               Conj           ####         1%          1    None
 Pain                     Necr           ####         1%          1    None
 Summon Small Mammal      Summ           ####         1%          1    None
 Call Imp                 Summ           #######.     2%          2    None
 Slow                     Hex            #######.     2%          2    None
 Call Canine Familiar     Summ           #######.     2%          3    None
 Conjure Flame            Conj/Fire      #######.     2%          3    None
 Ignite Poison            Fire/Tmut/Pois #######.     2%          3    None
 Mephitic Cloud           Conj/Pois/Air  #######.     2%          3    None
 Summon Guardian Golem    Hex/Summ       #######.     2%          3    None
 Vampiric Draining        Necr           #######...   2%          3    None
 Animate Dead             Necr           N/A          4%          4    None
 Summon Ice Beast         Ice/Summ       #######.     4%          4    None
 Bolt of Fire             Conj/Fire      #######...   12%         6    ##.....
 Ring of Flames           Chrm/Fire      #######...   34%         7    ####...
 Ignition                 Fire           #######...   85%         8    ######.


Dungeon Overview and Level Annotations

Branches:
Dungeon (13/15)            Temple (1/1) D:6            Lair (6/6) D:10
 Shoals (0/4) Lair:3       Spider (0/4) Lair:4        Slime (0/5) Lair:6
    Orc (2/2) D:10            Elf (2/3) Orc:2
 Vaults: D:13-14

Altars:
Ashenzari
Cheibriados
Dithmenos
Elyvilon
Fedhas
Gozag
Hepliaklqana
Kikubaaqudgha
Makhleb
Nemelex Xobeh
Okawaru
Qazlal
Ru
Sif Muna
Trog
Uskayaw
Vehumet
Wu Jian
Xom
Yredelemnul
Zin
The Shining One
Jiyva
Lugonu

Shops:
D:11 (   Orc:2 ??}(

Portals:
Pandemonium: Orc:2

Annotations:
D:13 Frances
Elf:1 3 runed translucent doors, Masnef's ghost, adept TeEn; wjchen's ghost, adept MiFi
Elf:2 3 runed translucent doors


Innate Abilities, Weirdness & Mutations

Your experience applies equally to all skills.
You have very sharp teeth.
Your uncanny sense of smell can sniff out nearby items.


Message History

The +2 flail of venom hits your adder!!
Your adder dies!
Your adder barely misses the +2 flail of venom.
Unknown command.
You miss the +0 flail of crushing.
The +0 flail of crushing is lightly damaged.
You feel sick. The +0 flail of crushing hits you!
* * * LOW HITPOINT WARNING * * *
x2 Your water moccasin completely misses the +2 flail of venom.
The deep elf knight points at you and mumbles some strange words.
The stone arrow misses your adder. The stone arrow misses you.
Your adder misses the +2 flail of venom.
The +2 flail of venom hits your adder!!
Your adder dies!
Your adder bites the +0 flail of crushing but does no damage.
Unknown command.
Unknown command.
You feel better. The +0 flail of crushing hits you!!
* * * LOW HITPOINT WARNING * * *
You die...

...###..##+..........
....#...+.+#........##
........+.##.........#
....#)..+.+#........##
...###..##+..........###.
#.## ##.##......)S..........
...###..##.....e(S..........
....#...##.....(............
........###...S.@...).......
........# ##................
........# #...#............
........# #...###...........
........##...# ##.......
........###.. ......
........# ##. .....(
........# ...... ........#


You could see a deep elf knight, 3 dancing weapons, a friendly water moccasin
and 2 friendly adders.

Vanquished Creatures
  A deep elf sorcerer (Elf:1)
  A reaper (IceCv)
  5 dire elephants (Lair:6)
  Azrael (Elf:1)
  An ice dragon (Lair:4)
  3 hydras
  A catoblepas (Lair:4)
  An anaconda (Lair:6)
  5 two-headed ogres
  An ogre mage (D:12)
  13 dancing weapons
  A deep elf knight (Elf:1)
  10 orc high priests
  A sun demon (Orc:2)
  A wizard (Elf:1)
  A gelid demonspawn (Orc:2)
  An unseen horror (D:11)
  5 orc knights (Orc:2)
  A deep elf archer (Elf:1)
  4 orc sorcerers
  2 oklob plants
  24 deep elf magi
  2 ugly things (D:12)
  A cyclops (D:12)
  8 elephants
  4 centaur zombies
  5 black mambas
  2 ice statues (IceCv)
  Maurice (Orc:2)
  A torpor snail (Lair:3)
  A rust devil (Orc:2)
  10 spiny frogs
  5 centaur skeletons
  A rime drake (Lair:3)
  8 komodo dragons
  11 ice devils (IceCv)
  The ghost of emiel the Magician, a novice OpWn (D:5)
  2 hellwings (D:7)
  3 polar bears
  2 jumping spiders (Lair:4)
  6 trolls
  A hornet (Lair:5)
  16 blink frogs
  4 dream sheep (Lair:3)
  8 hippogriffs
  An air elemental (Elf:2)
  A ynoxinul (Orc:2)
  2 water elementals
  41 yaks
  Sigmund (D:2)
  4 basilisks
  2 wraiths
  A wyvern (D:8)
  4 hungry ghosts (D:10)
  2 hogs (D:7)
  A steam dragon (Lair:2)
  2 fire elementals
  A chaos spawn (Orc:2)
  2 wargs
  An acid dragon (D:11)
  9 water moccasins
  3 hell hounds (Elf:1)
  A floating eye (Lair:4)
  An ice beast (D:7)
  6 porcupines
  29 orc warriors
  3 black bears
  A necrophage (D:8)
  A sky beast (D:5)
  14 wolves
  2 phantoms
  10 ogres
  2 boggarts (Elf:1)
  3 centaurs
  11 crocodiles
  A big kobold (D:11)
  11 bullfrogs
  An earth elemental (Elf:1)
  2 wyvern skeletons (D:7)
  A troll zombie (D:10)
  4 scorpions
  A vampire bat (Lair:4)
  9 wights (D:7)
  2 electric eels
  4 howler monkeys
  5 crimson imps
  3 bullfrog zombies
  7 hounds
  5 jellies
  20 orc priests
  Jessica (D:2)
  3 iguanas
  18 orc wizards
  9 worker ants
  7 ogre zombies (D:10)
  A hound skeleton (D:10)
  A worker ant zombie (D:5)
  A howler monkey zombie (D:10)
  5 gnolls
  8 adders
  8 shadow imps
  7 white imps (IceCv)
  6 ufetubi (IceCv)
  An ooze (D:6)
  An adder skeleton (D:9)
  A worm (D:3)
  A dart slug (D:3)
  2 leopard geckos (D:8)
  71 orcs
  8 giant cockroaches
  8 goblins
  11 hobgoblins
  18 jackals
  22 kobolds
  4 quokkas
  4 ball pythons
  10 bats
  2 frilled lizards (D:3)
  2 goblin skeletons (D:10)
  4 goblin zombies (D:10)
  A hobgoblin skeleton (D:10)
  A hobgoblin zombie (D:10)
  2 orc skeletons (D:10)
  15 orc zombies (D:10)
  2 quokka zombies
  8 rats
  3 plants (Lair:6)
702 creatures vanquished.

Vanquished Creatures (collateral kills)
  A dire elephant (Lair:6)
  A hydra (Lair:5)
  A dancing weapon (Elf:2)
  An orc high priest (Orc:2)
  A deep elf knight (Elf:1)
  A gelid demonspawn (Orc:2)
  2 deep elf magi
  A wolf spider zombie (D:7)
  2 orc knights (Orc:2)
  An oklob plant (Lair:4)
  A rust devil (Orc:2)
  A komodo dragon (Lair:6)
  A hellwing (Orc:2)
  A red devil (Orc:2)
  A meliai zombie (D:7)
  A wyvern (Lair:6)
  7 yaks
  2 hogs (D:7)
  A human (D:7)
  A hungry ghost (D:8)
  A porcupine (Lair:1)
  8 orc warriors
  A phantom (D:5)
  2 wolves
  A centaur (D:5)
  An earth elemental (Elf:2)
  7 orc priests
  An orc wizard (D:5)
  An iguana (D:10)
  A worker ant (D:4)
  An adder (D:7)
  9 orcs
  2 plants
65 creatures vanquished.

Vanquished Creatures (others)
  A white imp (IceCv)
  5 ufetubi (IceCv)
  2 fungi
  A plant (Lair:6)
9 creatures vanquished.

Grand Total: 776 creatures vanquished

Notes
Turn   | Place    | Note
-------+----------+-------------------------------------------
     0 | D:1      | inmateoo the Gnoll Transmuter began the quest for the Orb.
     0 | D:1      | Reached XP level 1. HP: 17/17 MP: 6/6
   129 | D:1      | Reached XP level 2. HP: 18/23 MP: 5/7
   782 | D:1      | Reached XP level 3. HP: 22/28 MP: 9/9
   786 | D:1      | Learned a level 2 spell: Sticks to Snakes
   790 | D:1      | Learned a level 3 spell: Spider Form
   844 | D:2      | Found a shadowy altar of Dithmenos.
   882 | D:2      | Noticed Sigmund
   885 | D:2      | Reached skill level 5 in Spellcasting
   894 | D:2      | Killed Sigmund
   894 | D:2      | Reached skill level 1 in Short Blades
   894 | D:2      | Reached skill level 1 in Long Blades
   894 | D:2      | Reached skill level 1 in Axes
   894 | D:2      | Reached skill level 1 in Maces & Flails
   894 | D:2      | Reached skill level 1 in Polearms
   894 | D:2      | Reached skill level 1 in Staves
   894 | D:2      | Reached skill level 1 in Slings
   894 | D:2      | Reached skill level 1 in Bows
   894 | D:2      | Reached skill level 1 in Crossbows
   894 | D:2      | Reached skill level 1 in Throwing
   894 | D:2      | Reached skill level 1 in Armour
   894 | D:2      | Reached skill level 1 in Stealth
   894 | D:2      | Reached skill level 1 in Shields
   894 | D:2      | Reached skill level 1 in Conjurations
   894 | D:2      | Reached skill level 1 in Hexes
   894 | D:2      | Reached skill level 1 in Charms
   894 | D:2      | Reached skill level 1 in Summonings
   894 | D:2      | Reached skill level 1 in Necromancy
   894 | D:2      | Reached skill level 1 in Translocations
   894 | D:2      | Reached skill level 1 in Fire Magic
   894 | D:2      | Reached skill level 1 in Ice Magic
   894 | D:2      | Reached skill level 1 in Air Magic
   894 | D:2      | Reached skill level 1 in Earth Magic
   894 | D:2      | Reached skill level 1 in Poison Magic
   894 | D:2      | Reached skill level 1 in Invocations
   894 | D:2      | Reached skill level 1 in Evocations
   894 | D:2      | Reached XP level 4. HP: 30/35 MP: 11/11
   894 | D:2      | Reached XP level 5. HP: 35/41 MP: 12/12
  1002 | D:2      | Found a glowing golden altar of the Shining One.
  1003 | D:2      | Found a stormy altar of Qazlal.
  1270 | D:2      | Noticed Jessica
  1280 | D:2      | Killed Jessica
  1286 | D:2      | Found a basalt altar of Yredelemnul.
  1740 | D:3      | Reached XP level 6. HP: 36/47 MP: 13/13
  1763 | D:3      | Found a radiant altar of Vehumet.
  1894 | D:3      | Learned a level 4 spell: Summon Lightning Spire
  1899 | D:3      | Learned a level 4 spell: Ice Form
  2157 | D:4      | Reached skill level 5 in Dodging
  2450 | D:4      | Found an ancient bone altar of Kikubaaqudgha.
  2591 | D:4      | Reached XP level 7. HP: 46/52 MP: 15/15
  2943 | D:5      | Entered Level 5 of the Dungeon
  3164 | D:5      | Noticed a two-headed ogre
  3310 | D:5      | Killed a two-headed ogre
  3310 | D:5      | Reached XP level 8. HP: 26/60 MP: 17/17
  3550 | D:5      | Found a shimmering altar of Xom.
  3902 | D:5      | Found a runed translucent door.
  3902 | D:5      | Noticed emiel's ghost (novice OpWn)
  3945 | D:5      | Killed emiel's ghost
  3954 | D:5      | Learned a level 2 spell: Blink
  4059 | D:5      | Reached XP level 9. HP: 55/66 MP: 18/18
  4181 | D:5      | Reached skill level 5 in Transmutations
  4596 | D:6      | Found a staircase to the Ecumenical Temple.
  4617 | Temple   | Entered the Ecumenical Temple
  4705 | D:6      | Found a white marble altar of Elyvilon.
  4724 | D:6      | Found a hide-covered altar of Uskayaw.
  4947 | D:6      | Found a hazy altar of Hepliaklqana.
  5336 | D:7      | Noticed a hellwing
  5337 | D:7      | Noticed a hellwing
  5701 | D:7      | Reached skill level 5 in Fighting
  5912 | D:7      | Found a snail-covered altar of Cheibriados.
  5932 | D:7      | Reached skill level 5 in Armour
  6409 | D:7      | Became a worshipper of Cheibriados the Contemplative
  6497 | D:8      | Reached skill level 5 in Invocations
  6966 | D:7      | Reached XP level 10. HP: 72/74 MP: 20/20
  7167 | D:7      | Reached skill level 5 in Short Blades
  7167 | D:7      | Reached skill level 5 in Long Blades
  7167 | D:7      | Reached skill level 5 in Axes
  7167 | D:7      | Reached skill level 5 in Maces & Flails
  7167 | D:7      | Reached skill level 5 in Polearms
  7167 | D:7      | Reached skill level 5 in Staves
  7167 | D:7      | Reached skill level 5 in Slings
  7167 | D:7      | Reached skill level 5 in Bows
  7167 | D:7      | Reached skill level 5 in Crossbows
  7167 | D:7      | Reached skill level 5 in Throwing
  7167 | D:7      | Reached skill level 5 in Stealth
  7167 | D:7      | Reached skill level 5 in Shields
  7167 | D:7      | Reached skill level 5 in Evocations
  7298 | D:7      | Learned a level 5 spell: Blade Hands
  7404 | D:7      | Reached * piety under Cheibriados
  7741 | D:7      | Found an iron altar of Okawaru.
  7878 | D:7      | Identified a scroll of acquirement
  7881 | D:7      | Got a faintly humming hat
  7887 | D:7      | Identified the +2 hat "Onaok" {rC++ Int+4} (You acquired it
                  | on level 7 of the Dungeon)
  8384 | D:9      | Noticed a two-headed ogre
  8394 | D:9      | Killed a two-headed ogre
  8394 | D:9      | Reached XP level 11. HP: 49/83 MP: 22/22
  8589 | D:9      | Found an opulent altar of Gozag.
  8714 | D:9      | Noticed a two-headed ogre
  8727 | D:9      | Killed a two-headed ogre
  8727 | D:9      | Reached ** piety under Cheibriados
  8824 | D:9      | Found a sacrificial altar of Ru.
  8925 | D:9      | Reached skill level 5 in Conjurations
  8925 | D:9      | Reached skill level 5 in Hexes
  8925 | D:9      | Reached skill level 5 in Charms
  8925 | D:9      | Reached skill level 5 in Summonings
  8925 | D:9      | Reached skill level 5 in Necromancy
  8925 | D:9      | Reached skill level 5 in Translocations
  8925 | D:9      | Reached skill level 5 in Fire Magic
  8925 | D:9      | Reached skill level 5 in Ice Magic
  8925 | D:9      | Reached skill level 5 in Air Magic
  8925 | D:9      | Reached skill level 5 in Earth Magic
  8925 | D:9      | Reached skill level 5 in Poison Magic
  9004 | D:9      | Found a shadowy altar of Dithmenos.
  9028 | D:9      | Got a bloodstained short sword
  9046 | D:9      | Found a deep blue altar of Sif Muna.
  9221 | D:9      | Identified the cursed +1 short sword "Xaott" {chaos, Int+2}
                  | (You found it on level 9 of the Dungeon)
  9355 | D:8      | Found a radiant altar of Vehumet.
  9386 | D:10     | Entered Level 10 of the Dungeon
  9395 | D:10     | Found a staircase to the Lair.
  9443 | D:10     | Reached *** piety under Cheibriados
  9472 | D:10     | Found a flagged portal.
  9543 | Bailey   | Entered a bailey
  9601 | Bailey   | Got a transparent tin amulet
  9603 | Bailey   | Identified the amulet of Lics {+Fly rElec rC++ Regen+} (You
                  | found it in a bailey)
  9799 | Bailey   | Found a burning altar of Makhleb.
  9820 | Bailey   | Got a pair of spiked boots
  9838 | Bailey   | Identified the -1 pair of boots "Qyaco" {Str+10 Int+3 Dex+4
                  | Stlth-} (You found it in a bailey)
  9910 | D:10     | Reached **** piety under Cheibriados
  9914 | D:10     | Found a staircase to the Orcish Mines.
 10432 | D:11     | Reached ***** piety under Cheibriados
 10591 | D:11     | Found Pyheugax's Antique Weapon Shoppe.
 10614 | D:11     | Killed an unseen horror
 10762 | D:11     | Reached XP level 12. HP: 90/91 MP: 24/24
 11225 | D:12     | Noticed an ogre mage
 11229 | D:12     | Noticed a two-headed ogre
 11235 | D:12     | Killed a two-headed ogre
 11239 | D:12     | Killed an ogre mage
 11459 | D:12     | Noticed a two-headed ogre
 11468 | D:12     | Killed a two-headed ogre
 11544 | D:12     | You fall through a shaft!
 11940 | D:13     | Noticed Frances
 12068 | Lair:1   | Entered Level 1 of the Lair of Beasts
 12103 | Lair:1   | Reached skill level 10 in Armour
 12104 | Lair:1   | Reached skill level 10 in Unarmed Combat
 12304 | Lair:1   | Reached ****** piety under Cheibriados
 12432 | Lair:1   | Noticed a seven-headed hydra
 12448 | Lair:1   | Killed a seven-headed hydra
 12814 | Lair:2   | Reached XP level 13. HP: 98/98 MP: 20/26
 13312 | Lair:3   | Learned a level 3 spell: Regeneration
 13482 | Lair:3   | Reached skill level 10 in Short Blades
 13949 | Lair:3   | Found a staircase to the Shoals.
 14350 | Lair:4   | Found a frozen archway.
 14352 | Lair:4   | Noticed an ice dragon
 14370 | Lair:4   | Killed an ice dragon
 14393 | IceCv    | Entered an ice cave
 14552 | IceCv    | Noticed a reaper
 14555 | IceCv    | Killed a reaper
 14570 | IceCv    | Got a shimmering demon whip
 14600 | IceCv    | Reached skill level 10 in Spellcasting
 14655 | IceCv    | Identified the +0 demon whip of Voudup Uguipp {elec, rElec}
                  | (You found it in an ice cave)
 14684 | Lair:4   | Found a hole to the Spider Nest.
 14700 | Lair:4   | Reached XP level 14. HP: 95/108 MP: 28/28
 15322 | Lair:5   | Reached skill level 10 in Dodging
 16143 | Lair:6   | Entered Level 6 of the Lair of Beasts
 16258 | Lair:6   | Reached skill level 10 in Invocations
 16344 | Lair:6   | Found an opulent altar of Gozag.
 16469 | Lair:6   | Found a staircase to the Slime Pits.
 16470 | Lair:6   | Found a viscous altar of Jiyva.
 17333 | Lair:6   | Noticed a dire elephant
 17333 | Lair:6   | Noticed a dire elephant
 17340 | Lair:6   | Killed a dire elephant
 17355 | Lair:6   | Killed a dire elephant
 17432 | Lair:6   | Noticed a dire elephant
 17442 | Lair:6   | Killed a dire elephant
 17491 | Lair:6   | Noticed a dire elephant
 17501 | Lair:6   | Killed a dire elephant
 17536 | Lair:6   | Noticed a dire elephant
 17544 | Lair:6   | Killed a dire elephant
 17546 | Lair:6   | Noticed a dire elephant
 17556 | Lair:6   | Killed a dire elephant
 17760 | Orc:1    | Entered Level 1 of the Orcish Mines
 17767 | Orc:1    | Found a radiant altar of Vehumet.
 18133 | Orc:2    | Entered Level 2 of the Orcish Mines
 18249 | Orc:2    | Found a staircase to the Elven Halls.
 18333 | Orc:2    | Reached XP level 15. HP: 69/115 MP: 26/29
 18628 | Orc:2    | Reached skill level 10 in Fighting
 18809 | Orc:2    | Found Effenlya's Magic Scroll Shoppe.
 18810 | Orc:2    | Noticed Maurice
 18814 | Orc:2    | Killed Maurice
 18841 | Orc:2    | Found Fusautost's Magic Scroll Emporium.
 18896 | Orc:2    | Bought a scroll of remove curse for 48 gold pieces
 18896 | Orc:2    | Bought a scroll of remove curse for 48 gold pieces
 18896 | Orc:2    | Bought a scroll of teleportation for 48 gold pieces
 18907 | Orc:2    | Bought a scroll of teleportation for 54 gold pieces
 18907 | Orc:2    | Bought a scroll of teleportation for 54 gold pieces
 18907 | Orc:2    | Bought a scroll of blinking for 135 gold pieces
 19101 | Orc:2    | Found Virooni's Gadget Boutique.
 19101 | Orc:2    | Found a one-way gate leading to the halls of Pandemonium.
 19101 | Orc:2    | Found Deuwegh's Antique Weapon Shop.
 19298 | Elf:1    | Entered Level 1 of the Elven Halls
 19389 | Elf:1    | Reached skill level 10 in Long Blades
 19389 | Elf:1    | Reached skill level 10 in Axes
 19389 | Elf:1    | Reached skill level 10 in Maces & Flails
 19389 | Elf:1    | Reached skill level 10 in Polearms
 19389 | Elf:1    | Reached skill level 10 in Staves
 19389 | Elf:1    | Reached skill level 10 in Slings
 19389 | Elf:1    | Reached skill level 10 in Bows
 19389 | Elf:1    | Reached skill level 10 in Crossbows
 19389 | Elf:1    | Reached skill level 10 in Throwing
 19389 | Elf:1    | Reached skill level 10 in Stealth
 19389 | Elf:1    | Reached skill level 10 in Shields
 19389 | Elf:1    | Reached skill level 10 in Evocations
 19423 | Elf:1    | Learned a level 1 spell: Apportation
 19455 | Elf:1    | Learned a level 5 spell: Fireball
 19483 | Elf:1    | Noticed a deep elf sorcerer
 19492 | Elf:1    | Killed a deep elf sorcerer
 19695 | Elf:1    | Found a runed translucent gate.
 19695 | Elf:1    | Found a runed translucent gate.
 19695 | Elf:1    | Found a runed translucent gate.
 19696 | Elf:1    | Noticed Masnef's ghost (adept TeEn)
 19696 | Elf:1    | Noticed wjchen's ghost (adept MiFi)
 20020 | Elf:1    | Noticed Azrael
 20036 | Elf:1    | Killed Azrael
 20153 | Elf:1    | Reached XP level 16. HP: 124/124 MP: 25/31
 20446 | Elf:2    | Found a runed translucent gate.
 20447 | Elf:2    | Found a runed translucent gate.
 20448 | Elf:2    | Found a runed translucent gate.
 20721 | Elf:2    | Found an ancient bone altar of Kikubaaqudgha.
 20776 | Elf:2    | HP: 5/124 [+0 flail of crushing (26)]
 20776 | Elf:2    | Slain by a +0 flail of crushing

Skill      XL: |  1  2  3  4  5  6  7  8  9 10 11 12 13 14 15 |
---------------+----------------------------------------------+-----
Spellcasting   | 5 6 7 8 9 10 11 | 11.5
Fighting       | 3 4 5 6 7 8 9 10 | 10.8
Short Blades   | 1 2 3 4 6 7 9 10 12 13 | 13.3
Long Blades    | 1 2 3 4 5 6 7 8 9 10 | 10.4
Axes           | 1 2 3 4 5 6 7 8 9 10 | 10.4
Maces & Flails | 1 2 3 4 5 6 7 8 9 10 | 10.4
Polearms       | 1 2 3 4 5 6 7 8 9 10 | 10.4
Staves         | 1 2 3 4 5 6 7 8 9 10 | 10.4
Slings         | 1 2 3 4 5 6 7 8 9 10 | 10.4
Bows           | 1 2 3 4 5 6 7 8 9 10 | 10.4
Crossbows      | 1 2 3 4 5 6 7 8 9 10 | 10.4
Throwing       | 1 2 3 4 5 6 7 8 9 10 | 10.4
Armour         | 1 2 3 4 6 7 8 10 11 12 13 | 13.8
Stealth        | 1 2 3 4 5 6 7 8 9 10 | 10.4
Shields        | 1 2 3 4 5 6 7 8 9 10 | 10.4
Conjurations   | 1 2 3 4 5 6 7 8 |  8.8
Hexes          | 1 2 3 4 5 6 7 8 |  8.8
Charms         | 1 2 3 4 5 6 7 8 |  8.8
Summonings     | 1 2 3 4 5 6 7 8 |  8.8
Necromancy     | 1 2 3 4 5 6 7 8 |  8.8
Translocations | 1 2 3 4 5 6 7 8 |  8.8
Transmutations | 4 5 6 7 8 9 |  9.6
Fire Magic     | 1 2 3 4 5 6 7 8 |  8.8
Ice Magic      | 1 2 3 4 5 6 7 8 |  8.8
Air Magic      | 1 2 3 4 5 6 7 8 |  8.8
Earth Magic    | 1 2 3 4 5 6 7 8 |  8.8
Poison Magic   | 1 2 3 4 5 6 7 8 |  8.8
Invocations    | 1 2 3 4 5 6 7 8 9 10 11 | 11.3
Evocations     | 1 2 3 4 5 6 7 8 9 10 | 10.4
Dodging        | 5 6 7 8 9 10 11 | 11.3
Unarmed Combat | 7 8 9 10 11 12 | 12.1

Action                   |  1- 3 |  4- 6 |  7- 9 | 10-12 | 13-15 | 16-18 || total
-------------------------+-------+-------+-------+-------+-------+-------++-------
Melee: Unarmed           |    65 |    90 |   315 |   500 |   728 |    44 ||  1742
       Bite              |     5 |     8 |    26 |    45 |   121 |     4 ||   209
       Punch             |     1 |     2 |     8 |    21 |    63 |     3 ||    98
       Scythe            |       |    60 |       |       |       |       ||    60
       Kick              |       |     4 |       |       |       |       ||     4
       Headbutt          |       |     2 |     5 |       |       |       ||     7
 Fire: Blowgun           |       |     2 |       |       |       |       ||     2
Throw: Tomahawk          |       |       |       |    22 |     1 |       ||    23
 Cast: Beastly Appendage |     1 |     4 |     4 |       |       |       ||     9
       Spider Form       |     1 |     1 |     6 |     4 |     3 |       ||    15
       Summon Lightning  |       |       |    11 |    10 |    27 |     1 ||    49
       Ice Form          |       |       |     7 |     2 |       |       ||     9
       Sticks to Snakes  |       |       |     2 |     9 |     7 |    12 ||    30
       Blade Hands       |       |       |       |    44 |    64 |     7 ||   115
       Blink             |       |       |       |     1 |     4 |       ||     5
       Regeneration      |       |       |       |       |    23 |     2 ||    25
Invok: Slouch            |       |       |       |       |     3 |       ||     3
 Abil: End Transformatio |       |       |       |     5 |     5 |       ||    10
       Evoke Flight      |       |       |       |     3 |     1 |       ||     4
       Stop Flying       |       |       |       |     3 |       |       ||     3
Evoke: Wand              |       |       |       |       |     1 |       ||     1
  Use: Scroll            |       |       |    12 |    22 |    11 |       ||    45
       Potion            |       |       |     1 |       |       |     1 ||     2
 Stab: Sleeping          |       |     4 |    11 |     9 |    16 |     4 ||    44
       Distracted        |       |       |     2 |     2 |    11 |       ||    15
       Petrified         |       |       |       |       |     1 |       ||     1
  Eat: Chunk             |       |     5 |    13 |    15 |    11 |       ||    44
       Ration            |       |       |     2 |     1 |     4 |       ||     7
Armor: Robe              |     6 |    29 |    54 |   113 |    96 |     8 ||   306
       Skin              |       |     2 |     8 |       |       |       ||    10
Dodge: Dodged            |    47 |   197 |   261 |   547 |   862 |    33 ||  1947
